 Dungeon Crawl Stone Soup version 0.28.0 (webtiles) character file.

Game seed: 16619914980947849741

93 Hasart the Covered (level 4, -2/38 HPs)
             Began as a Demigod Fighter on Feb 16, 2022.
             Killed from afar by an orc wizard (5 damage)
             ... with a magic dart
             ... on level 3 of the Dungeon.
             The game lasted 00:03:36 (2506 turns).

Hasart the Covered (Demigod Fighter)                Turns: 2506, Time: 00:03:36

Health: -2/38      AC:  6    Str: 21    XL:     4   Next: 14%
Magic:  6/6        EV:  9    Int: 10    God:
Gold:   84         SH:  4    Dex: 13    Spells: 3/3 levels left

rFire   . . .      SeeInvis .   a - +0 war axe
rCold   . . .      Faith    .   c - +0 buckler
rNeg    . . .      Spirit   .   b - +0 scale mail
rPois   .          Reflect  .   (no helmet)
rElec   .          Harm     .   (no cloak)
rCorr   .          Rampage  .   (no gloves)
Will    .....                   (no boots)
Stlth   ..........              (no amulet)
HPRegen 0.12/turn               (no ring)
MPRegen 0.10/turn               (no ring)

@: no status effects
A: high MP 1, forlorn, divine attributes
a: no special abilities


You were on level 3 of the Dungeon.
You visited 1 branch of the dungeon, and saw 3 of its levels.

You collected 84 gold pieces.

Inventory:

Hand Weapons
 a - a +0 war axe (weapon)
Missiles
 f - 4 poisoned darts (quivered)
 h - 2 javelins
Armour
 b - a +0 scale mail (worn)
 c - a +0 buckler (worn)
Scrolls
 g - a scroll of identify {unknown}
 i - a scroll of fear {unknown}
 k - a scroll of fog {unknown}
 l - 3 scrolls of enchant weapon {unknown}
 o - a scroll of amnesia {unknown}
 p - a scroll of blinking {unknown}
 q - a scroll of teleportation {unknown}
 r - a scroll of immolation {unknown}
Potions
 d - a potion of might
 e - a potion of brilliance {unknown}
 j - 2 potions of heal wounds {unknown}
 m - a potion of invisibility {unknown}
 n - a potion of resistance {unknown}


   Skills:
 + Level 3.0 Fighting
 * Level 2.8 Axes
 + Level 1.2 Throwing
 + Level 3.0 Armour
 + Level 1.0 Dodging
 + Level 3.0 Shields


You had 3 spell levels left.
You didn't know any spells.
Your spell library contained the following spells:

 Spells                   Type           Power      Damage    Failure   Level
 Freeze                   Ice            0%         1d3       80%         1
 Corpse Rot               Necr/Air       0%         N/A       90%         2
 Poisonous Vapours        Pois/Air       0%         N/A       90%         2
 Frozen Ramparts          Ice            0%         1d2       99%         3
 Hailstorm                Conj/Ice       0%         3d3       100%        4
 Fireball                 Conj/Fire      0%         3d3       100%        5
 Starburst                Conj/Fire      0%         6d3       100%        6
 Ignition                 Fire           0%         3d3       100%        8


Dungeon Overview and Level Annotations

Branches:
Dungeon (3/15)


Innate Abilities, Weirdness & Mutations

You have an increased reservoir of magic. (+10% MP)
You shall have no god before yourself.
Your divine heritage dramatically boosts your attributes as you level up.


Message History

The orc is heavily wounded.
The orc hits you but does no damage.
The orc priest miscasts a cantrip.
The orc hits you with a +0 trident! The orc priest closely misses you.
You closely miss the orc.
The orc is heavily wounded.
The orc hits you but does no damage.
The orc priest hits you from afar with a +0 trident.
The orc hits you with a +0 trident.
The orc priest hits you but does no damage.
The orc barely misses you.
The orc priest hits you with a +0 trident.
You barely miss the orc priest. You slash the orc!
You kill the orc!
An orc wizard comes into view. It is wielding a +0 dagger.
The orc wizard shouts!
You hear a shout!
The orc priest hits you with a +0 trident.
You hit the orc priest but do no damage.
The orc priest hits you but does no damage.
An orc wizard comes into view. It is wielding a +0 dagger.
You block the orc priest's attack.
You hit the orc priest but do no damage.
The orc priest closely misses you.
You hit the orc priest.
The orc priest is lightly wounded.
You block the orc priest's attack.
You hit the orc priest but do no damage.
The orc priest is lightly wounded.
You miss the orc wizard.
The orc priest casts a cantrip, but nothing happens.
The orc wizard hits you with a +0 dagger.
The orc priest calls down the wrath of Beogh upon you.
Beogh smites you!
* * * LOW HITPOINT WARNING * * *
You hit the orc priest but do no damage.
The orc priest is lightly wounded.
You closely miss the orc wizard.
The orc wizard points at you and mumbles some strange words.
The magic dart hits you.
You die...

#.#..........#
#.#..........#
#.#######.#.##
#.#.........#
#.#.#####.##### #.#.#
#.# #.# ##.#.# #.# #.. .
...#.# #.# #.#####....
####.#####.###..@ooo....
####.#.......#.o####....
.....#.......#..# .
######.......#..#
#.......#..#
#..........#
#.......##.#
#..........#
#.......####


You could see an orc priest, 2 orc wizards and an orc.

Vanquished Creatures
  2 adders (D:2)
  2 worms
  2 dart slugs
  An orc (D:3)
  2 endoplasms
  A giant cockroach (D:3)
  7 goblins
  2 hobgoblins
  9 jackals
  2 kobolds
  2 quokkas (D:2)
  12 ball pythons
  4 bats
  7 frilled lizards
  8 rats
63 creatures vanquished.

Notes
Turn   | Place    | Note
-------+----------+-------------------------------------------
     0 | D:1      | Hasart the Demigod Fighter began the quest for the Orb.
     0 | D:1      | Reached XP level 1. HP: 18/18 MP: 3/3
   294 | D:1      | Reached XP level 2. HP: 19/25 MP: 4/4
  1031 | D:2      | Reached XP level 3. HP: 25/30 MP: 5/5
  1216 | D:2      | Reached skill level 1 in Throwing
  1780 | D:2      | Reached skill level 1 in Dodging
  2045 | D:3      | Reached XP level 4. HP: 30/38 MP: 6/6
  2506 | D:3      | Killed from afar by an orc wizard

Illustrated notes

Levels and vault maps discovered:
D:1:      dpeg_arrival_snail, layout_rooms, shapermc_ecumenical_altar_acropolis,
          dk_noncrumbling_4
D:2:      layout_basic
D:3:      layout_basic, gammafunk_temple_overflow_elements, minivault_19,
          cheibrodos_gnoll_hut

Skill      XL: |  1  2  3  4 |
---------------+-------------+-----
Axes           | 2 |  2.8
Throwing       | 1 |  1.2
Fighting       | 3 |  3.0
Armour         | 3 |  3.0
Dodging        | 1 |  1.0
Shields        | 3 |  3.0

Action                   |  1- 3 |  4- 6 || total
-------------------------+-------+-------++-------
Melee: War axe           |   149 |    32 ||   181
Armor: Scale mail        |    69 |    11 ||    80
Dodge: Dodged            |    62 |    16 ||    78
Block: Buckler           |    38 |     9 ||    47
